 Dungeon Crawl Stone Soup version 0.24.0-13-gcf9b319 (webtiles) character file.

Game seed: 10918990722061043032, levelgen mode: deterministic

110098 Balder the Fencer (level 16, -36/220 HPs)
             Began as a Minotaur Fighter on Nov 22, 2019.
             Was the Champion of Okawaru.
             Annihilated by a dire elephant simulacrum (38 damage)
             ... in an ice cave on Nov 24, 2019.
             The game lasted 02:19:57 (26935 turns).

Balder the Fencer (Minotaur Fighter)               Turns: 26935, Time: 02:19:58

Health: -36/220    AC: 31    Str: 32    XL:     16   Next: 6%
Magic:  19/21      EV: 21    Int: 10    God:    Okawaru [******]
Gold:   1290       SH: 29    Dex: 24    Spells: 15/15 levels left

rFire    + . .     SeeInvis .   b - +2 demon blade (flame)
rCold    . . .     Gourm    .   h - +2 large shield {AC+3}
rNeg     . . .     Faith    .   T - +4 plate armour {rF+}
rPois    .         Spirit   .   D - +2 hat {MR+}
rElec    .         Reflect  +   O - scarf {cloud immunity}
rCorr    .         Harm     .   R - +0 pair of gloves
MR       ++...                  J - +2 pair of boots
Stlth    ..........             j - +3 amulet of reflection
HPRegen  0.46/turn              w - ring "Atues" {+Fly Str+4 Int+5 Dex+9}
MPRegen  0.17/turn              p - +5 ring of slaying

@: berserking, about to teleport, heroism, very quick
A: retaliatory headbutt, horns 2
a: Heroism, Finesse, Renounce Religion, Evoke Flight


You were in an ice cave.
You worshipped Okawaru.
Okawaru was exalted by your worship.
You were not hungry.

You visited 5 branches of the dungeon, and saw 23 of its levels.
You also visited: Ice Cave and Volcano.

You collected 2609 gold pieces.
You spent 1319 gold pieces at shops.

Inventory:

Hand Weapons
 a - the +6 long sword of Anger {freeze, +Rage rElec rPois Str+4}
   (You found it on level 6 of the Dungeon)

   It has been specially enchanted to freeze those struck by it, causing extra
   injury to most foes and up to half again as much damage against particularly
   susceptible opponents.
   It can also slow down cold-blooded creatures.
   It affects your strength (+4).
   It insulates you from electricity.
   It protects you from poison.
   It lets you go berserk.
 b - a +2 demon blade of flaming (weapon)
 k - a +2 flail of holy wrath
 q - a +4 long sword of draining
 z - a +2 antimagic demon whip
 W - a +1 mace of draining
Missiles
 N - 6 silver javelins
 P - 22 boomerangs (quivered)
Armour
 h - a +2 large shield of protection (worn)
 D - a +2 hat of magic resistance (worn)
 J - a +2 pair of boots (worn)
 O - a scarf of cloud immunity (worn)
 R - a +0 pair of gloves (worn)
 T - a +4 plate armour of fire resistance (worn)
 U - a +2 plate armour of poison resistance
Jewellery
 j - a +3 amulet of reflection (around neck)
 p - a +5 ring of slaying (right hand)
 w - the ring "Atues" (left hand) {+Fly Str+4 Int+5 Dex+9}
   (You bought it in a shop on level 2 of the Orcish Mines)

   [ring of intelligence]

   It affects your strength (+4).
   It affects your intelligence (+5).
   It affects your dexterity (+9).
   It lets you fly.
 x - an uncursed amulet of faith {unknown}
 H - a +6 ring of dexterity
 L - an uncursed ring of ice
 Q - an uncursed ring of protection from cold
Wands
 l - a wand of iceblast (8)
 s - a wand of flame (52)
 y - a wand of clouds (4)
 B - a wand of paralysis (10)
 C - a wand of enslavement (5)
 E - a wand of polymorph (10)
Scrolls
 g - 11 scrolls of remove curse
 m - 2 scrolls of identify
 t - 4 scrolls of enchant armour
 F - a scroll of fog
 I - 5 scrolls of teleportation
 S - a scroll of blinking
Potions
 c - 2 potions of might
 d - a potion of flight
 e - 5 potions of curing
 n - 2 potions of agility
 o - 5 potions of mutation
 r - a potion of haste {unknown}
 v - a potion of cancellation
 A - a potion of berserk rage
 G - 2 potions of ambrosia
Miscellaneous
 u - a lightning rod (4/4)
Comestibles
 f - 40 rations


   Skills:
 * Level 14.5(19.5) Fighting
 * Level 16.2(21.2) Long Blades
 * Level 13.7(18.7) Maces & Flails
 + Level 11.3(16.3) Armour
 * Level 11.4(16.4) Dodging
 + Level 1.1(6.1) Stealth
 + Level 12.8(17.8) Shields
 * Level 9.0 Invocations
 + Level 0.2 Evocations


You had 15 spell levels left.
You didn't know any spells.
Your spell library contained the following spells:

 Spells                   Type           Power        Failure   Level  Hunger
 Animate Skeleton         Necr           N/A          99%         1    ##.....
 Apportation              Tloc           #.....       99%         1    ##.....
 Confusing Touch          Hex            #.....       99%         1    ##.....
 Corona                   Hex            #......      99%         1    ##.....
 Flame Tongue             Conj/Fire      #....        99%         1    ##.....
 Pain                     Necr           #...         99%         1    ##.....
 Summon Small Mammal      Summ           #...         99%         1    ##.....
 Call Imp                 Summ           #.......     100%        2    ###....
 Ensorcelled Hibernation  Hex/Ice        #.....       100%        2    ###....
 Throw Flame              Conj/Fire      #.....       100%        2    ###....
 Call Canine Familiar     Summ           #.......     100%        3    ####...
 Confuse                  Hex            #.......     100%        3    ####...
 Conjure Flame            Conj/Fire      #.......     100%        3    ####...
 Dazzling Spray           Conj/Hex       #.....       100%        3    ####...
 Inner Flame              Hex/Fire       #.......     100%        3    ####...
 Regeneration             Chrm/Necr      #.........   100%        3    ####...
 Summon Guardian Golem    Hex/Summ       #.......     100%        3    ####...
 Tukima's Dance           Hex            #.......     100%        3    ####...
 Vampiric Draining        Necr           #.........   100%        3    ####...
 Animate Dead             Necr           N/A          100%        4    #####..
 Sticky Flame             Conj/Fire      #.......     100%        4    #####..
 Summon Ice Beast         Ice/Summ       #.......     100%        4    #####..
 Summon Lightning Spire   Summ/Air       #.......     100%        4    #####..
 Fireball                 Conj/Fire      #.........   100%        5    ######.
 Irradiate                Conj/Tmut      #.........   100%        5    ######.
 Hydra Form               Tmut           #.........   100%        6    #######
 Statue Form              Tmut/Erth      #........    100%        6    #######
 Dragon Form              Tmut           #.........   100%        7    #######


Dungeon Overview and Level Annotations

Branches:
Dungeon (13/15)            Temple (1/1) D:7            Lair (6/6) D:11
  Swamp (0/4) Lair:2        Snake (0/4) Lair:3        Slime (0/5) Lair:5
    Orc (2/2) D:11            Elf (1/3) Orc:2        Vaults (0/5) D:13
  IceCv (1/1)             Volcano (visited)

Altars:
Ashenzari
Cheibriados
Dithmenos
Elyvilon
Fedhas
Gozag
Hepliaklqana
Kikubaaqudgha
Makhleb
Nemelex Xobeh
Okawaru
Qazlal
Ru
Sif Muna
Trog
Uskayaw
Vehumet
Wu Jian
Xom
Yredelemnul
Zin
The Shining One
Beogh

Shops:
D:10 [   D:12 [   Orc:2 =([%

Annotations:
D:6 2 transporters, Southernist's ghost, novice HuCj
D:13 1 runed translucent door
Lair:3 exclusion: oklob plant
Orc:1 3 runed translucent doors, growler's ghost, journeyman DsIE


Innate Abilities, Weirdness & Mutations

You reflexively headbutt those who attack you in melee.
You have a pair of horns on your head.


Message History

* * * LOW HITPOINT WARNING * * *
You feel better. The Ice Fiend gestures at you.
The bolt of cold hits the dire elephant simulacrum.
The dire elephant simulacrum completely resists.
The bolt of cold hits you!!
* * * LOW HITPOINT WARNING * * *
As you read the scroll of teleportation, it crumbles to dust.
You feel strangely unstable.
You block the dire elephant simulacrum's attack. x2
A red film seems to cover your vision as you go berserk!
You feel yourself moving faster!
You feel mighty!
The Ice Fiend calls on the powers of darkness!
Your body is wracked with pain!
* * * LOW HITPOINT WARNING * * *
You block the dire elephant simulacrum's attack.
The dire elephant simulacrum trunk-slaps you.
* * * LOW HITPOINT WARNING * * *
The dire elephant simulacrum freezes you!!!
You die...

#" .$ ##### .###
####...### ...##
###....#...## ZZ..#
##.....####..###.Z.#
#.....#####..##..4#
...#####.#.###1Z###
..## #.⌠...###@.#
### ##...#.#.###
####### ######.##
##....### ###
....#...###
######....###
####...## ##...####
# ##.....#


You could see an Ice Fiend and a dire elephant simulacrum.

Vanquished Creatures
  Gastronok (Lair:1)
  Nessos (Lair:5)
  A dire elephant (Lair:6)
  Snorg (Lair:5)
  The ghost of mhtbhm the Cleaver, a journeyman HOFi of Okawaru (Orc:2)
  Fannar (D:10)
  Erolcha (D:10)
  7 hydras
  A merfolk avatar (Lair:6)
  3 centaur warriors (D:13)
  10 two-headed ogres
  A death knight (D:13)
  2 ogre magi (D:13)
  3 dancing weapons (Elf:1)
  12 death yaks (Lair:6)
  3 orc high priests
  A hell hog (Volcano)
  Sonja (D:11)
  A deep elf knight (Elf:1)
  A fire crab (Volcano)
  An unseen horror (D:13)
  A sea snake (Lair:6)
  5 skeletal warriors (D:13)
  A wizard (D:11)
  2 deep elf archers (Elf:1)
  A necromancer (D:12)
  Pikel (D:9)
  A harpy (Lair:6)
  4 orc knights
  11 deep elf magi
  5 orc sorcerers (Orc:2)
  2 ugly things
  18 elephants (Lair:6)
  A cyclops (Orc:1)
  3 manticores
  A centaur zombie (D:11)
  An ice statue (IceCv)
  17 spiny frogs
  3 black mambas
  Psyche (D:10)
  5 centaur skeletons
  A gargoyle (D:11)
  2 kobold demonologists
  6 ice devils (IceCv)
  9 komodo dragons
  5 rime drakes
  5 anaconda simulacra (IceCv)
  6 freezing wraiths
  A tengu conjurer (D:13)
  A queen bee (Lair:2)
  9 trolls
  2 polar bears
  A wind drake (Lair:6)
  Grinder (D:6)
  A harpy skeleton (D:13)
  3 hippogriffs
  4 hornets
  23 blink frogs
  2 dream sheep (D:9)
  Sigmund (D:5)
  A vampire (D:12)
  4 wyverns
  28 yaks
  A shadow (D:11)
  5 dire elephant simulacra (IceCv)
  Eustachio (D:4)
  A water elemental (Elf:1)
  3 fire bats (Volcano)
  A death yak simulacrum (IceCv)
  2 hungry ghosts
  4 basilisks
  2 steam dragons (Volcano)
  A vampire mosquito (D:13)
  A harpy simulacrum (IceCv)
  Menkaure (D:5)
  2 insubstantial wisps (Lair:2)
  3 iron troll simulacra (IceCv)
  3 wargs (D:11)
  A soldier ant (D:10)
  3 hell hounds
  2 hydra simulacra (IceCv)
  Duvessa (D:5)
  19 water moccasins
  2 black bears (D:11)
  3 porcupines
  7 ice beasts
  18 orc warriors
  An ettin simulacrum (IceCv)
  14 ogres
  2 phantoms
  A boggart (D:13)
  14 wolves
  6 centaurs
  15 crocodiles
  11 big kobolds
  A gnoll sergeant (Orc:2)
  15 bullfrogs
  A wyvern zombie (D:8)
  Dowan (D:5)
  A water moccasin skeleton (D:8)
  2 scorpions (D:5)
  An elephant simulacrum (IceCv)
  30 killer bees
  6 wights
  3 howler monkeys
  3 electric eels
  2 bullfrog zombies
  3 draconian simulacra (IceCv)
  A quasit (D:11)
  8 crimson imps
  6 jellies
  8 bullfrog skeletons
  A gnoll shaman (D:4)
  18 orc priests
  6 hounds
  16 orc wizards
  2 iguanas
  A spriggan simulacrum (IceCv)
  9 worker ants
  6 troll simulacra (IceCv)
  5 yak simulacra (D:12)
  3 polar bear simulacra (D:12)
  3 wolf simulacra
  2 centaur simulacra (IceCv)
  2 worker ant zombies
  7 gnolls
  20 adders
  A naga simulacrum (IceCv)
  An ogre simulacrum (IceCv)
  2 shadow imps (D:6)
  8 white imps (IceCv)
  4 ufetubi (IceCv)
  4 oozes
  A worm (D:3)
  6 leopard geckos
  71 orcs
  5 giant cockroaches
  7 goblins
  2 hobgoblins
  11 jackals
  11 kobolds
  6 quokkas
  2 ball pythons
  2 bats (D:3)
  3 frilled lizards
  A jackal zombie (D:8)
  5 rats
  A river rat simulacrum (D:12)
752 creatures vanquished.

Vanquished Creatures (others)
  An orc knight (D:13)
  2 vampire bats (D:9)
  A hound (D:9)
  A jelly (D:9)
  3 bat skeletons (D:9)
  2 bat zombies (D:9)
  A quokka (D:9)
  17 fungi
  55 plants
83 creatures vanquished.

Grand Total: 835 creatures vanquished

Notes
Turn   | Place    | Note
-------+----------+-------------------------------------------
     0 | D:1      | Balder the Minotaur Fighter began the quest for the Orb.
     0 | D:1      | Reached XP level 1. HP: 19/19 MP: 0/0
   240 | D:1      | Reached XP level 2. HP: 27/27 MP: 1/1
   874 | D:2      | Found a bloodstained altar of Trog.
   874 | D:2      | Found a white marble altar of Elyvilon.
  1097 | D:3      | Reached XP level 3. HP: 33/33 MP: 2/2
  1304 | D:3      | Reached skill level 1 in Dodging
  1394 | D:3      | Found a radiant altar of Vehumet.
  1417 | D:3      | Found an ornate altar of the Wu Jian Council.
  1509 | D:3      | Reached XP level 4. HP: 36/40 MP: 3/3
  2056 | D:4      | Found a shadowy altar of Dithmenos.
  2111 | D:4      | Noticed an ogre
  2119 | D:4      | Killed an ogre
  2119 | D:4      | Reached XP level 5. HP: 47/47 MP: 4/4
  2209 | D:4      | Noticed Eustachio
  2210 | D:4      | Found a shimmering altar of Xom.
  2242 | D:4      | Killed Eustachio
  2242 | D:4      | Reached skill level 5 in Maces & Flails
  2242 | D:4      | Reached XP level 6. HP: 55/55 MP: 5/5
  2374 | D:4      | Found a white marble altar of Elyvilon.
  2855 | D:5      | Entered Level 5 of the Dungeon
  2855 | D:5      | Noticed Duvessa
  2870 | D:4      | Reached skill level 5 in Fighting
  2884 | D:5      | Noticed Dowan
  2963 | D:5      | Killed Duvessa
  2963 | D:5      | Reached XP level 7. HP: 20/61 MP: 6/6
  2964 | D:5      | Killed Dowan
  3179 | D:5      | Reached skill level 5 in Armour
  3438 | D:5      | Noticed Menkaure
  3438 | D:5      | Noticed Sigmund
  3460 | D:5      | Killed Sigmund
  3460 | D:5      | Reached skill level 5 in Shields
  3463 | D:5      | Killed Menkaure
  3463 | D:5      | Reached XP level 8. HP: 16/70 MP: 7/7
  3981 | D:5      | Found a sacrificial altar of Ru.
  4307 | D:5      | Found a glowing golden altar of the Shining One.
  4422 | D:6      | Got a translucent long sword
  4423 | D:6      | Identified the +6 long sword of Anger {freeze, +Rage rElec
                  | rPois Str+4} (You found it on level 6 of the Dungeon)
  4444 | D:6      | Found a transporter.
  4461 | D:6      | Found a transporter.
  4461 | D:6      | Noticed Southernist's ghost (novice HuCj)
  4721 | D:6      | Found a glowing silver altar of Zin.
  4831 | D:6      | Reached skill level 1 in Long Blades
  4922 | D:6      | Reached skill level 2 in Long Blades
  5064 | D:6      | Noticed Grinder
  5077 | D:6      | Killed Grinder
  5077 | D:6      | Reached skill level 3 in Long Blades
  5220 | D:7      | Reached skill level 5 in Dodging
  5228 | D:7      | Reached skill level 4 in Long Blades
  5316 | D:7      | Reached XP level 9. HP: 72/78 MP: 8/8
  5498 | D:7      | Found a burning altar of Makhleb.
  5504 | D:7      | Found a staircase to the Ecumenical Temple.
  5517 | D:7      | Got an ichor-stained robe
  5544 | Temple   | Entered the Ecumenical Temple
  5820 | D:7      | Reached skill level 5 in Long Blades
  7062 | D:8      | Reached skill level 6 in Long Blades
  7148 | D:8      | Noticed a two-headed ogre
  7157 | D:8      | Killed a two-headed ogre
  7157 | D:8      | Reached skill level 7 in Long Blades
  7672 | D:8      | Reached XP level 10. HP: 64/86 MP: 9/9
  7735 | D:8      | Reached skill level 8 in Long Blades
  7752 | D:8      | Found an iron altar of Okawaru.
  7755 | D:8      | Became a worshipper of Warmaster Okawaru
  7905 | D:9      | Noticed Pikel
  7916 | D:9      | Killed Pikel
  8081 | D:9      | Reached skill level 1 in Invocations
  8137 | D:9      | Reached * piety under Okawaru
  8186 | D:9      | Noticed a three-headed hydra
  8193 | D:9      | Killed a one-headed hydra
  8193 | D:9      | Reached skill level 9 in Long Blades
  8200 | D:9      | Reached ** piety under Okawaru
  8466 | D:9      | Found a blossoming altar of Fedhas.
  8503 | D:9      | Found an ancient bone altar of Kikubaaqudgha.
  8714 | D:10     | Entered Level 10 of the Dungeon
  8908 | D:10     | Noticed Fannar
  8932 | D:10     | Killed Fannar
  8932 | D:10     | Reached skill level 10 in Maces & Flails
  9058 | D:10     | Noticed Erolcha
  9071 | D:10     | Killed Erolcha
  9071 | D:10     | Reached *** piety under Okawaru
  9071 | D:10     | Reached skill level 10 in Long Blades
  9071 | D:10     | Reached XP level 11. HP: 49/95 MP: 10/12
  9599 | D:10     | Found Hetaschij's Antique Armour Shoppe.
  9911 | D:11     | Found a staircase to the Orcish Mines.
  9941 | D:11     | Noticed Psyche
  9991 | D:10     | Killed Psyche
 10377 | D:11     | Reached skill level 11 in Long Blades
 10675 | D:11     | Reached **** piety under Okawaru
 10759 | D:11     | Received a gift from Okawaru
 10918 | D:11     | Noticed a two-headed ogre
 10929 | D:11     | Killed a two-headed ogre
 10957 | D:11     | Reached ***** piety under Okawaru
 10992 | D:11     | Found a staircase to the Lair.
 11020 | D:11     | Noticed an eight-headed hydra
 11033 | D:11     | Killed a three-headed hydra
 11033 | D:11     | Received a gift from Okawaru
 11308 | D:11     | Reached XP level 12. HP: 99/106 MP: 14/14
 11357 | D:11     | Reached skill level 12 in Long Blades
 11691 | D:11     | Noticed a four-headed hydra
 11702 | D:11     | Killed a one-headed hydra
 11702 | D:11     | Reached skill level 10 in Fighting
 11746 | D:11     | Noticed an eight-headed hydra
 11757 | D:11     | Killed a three-headed hydra
 11880 | D:11     | Found a hazy altar of Hepliaklqana.
 11911 | D:11     | Noticed Sonja
 12036 | D:11     | Killed Sonja
 12496 | Orc:1    | Entered Level 1 of the Orcish Mines
 12540 | Orc:1    | Found a runed translucent gate.
 12544 | Orc:1    | Found a runed translucent gate.
 12550 | Orc:1    | Found a runed translucent gate.
 12678 | Orc:1    | Found a roughly hewn altar of Beogh.
 12817 | Orc:1    | You fall into a shaft and drop 1 floor!
 12817 | Orc:2    | Entered Level 2 of the Orcish Mines
 12977 | Orc:2    | Found a staircase to the Elven Halls.
 13118 | Orc:1    | Noticed growler's ghost (journeyman DsIE)
 13241 | Orc:2    | Noticed an orc high priest
 13241 | Orc:2    | Noticed an orc high priest
 13241 | Orc:2    | Noticed an orc high priest
 13269 | Orc:1    | Killed an orc high priest
 13269 | Orc:1    | Reached skill level 5 in Invocations
 13627 | Lair:1   | Entered Level 1 of the Lair of Beasts
 13818 | Lair:1   | Noticed Gastronok
 13826 | Lair:1   | Reached skill level 13 in Long Blades
 13840 | Lair:1   | Killed Gastronok
 14344 | Lair:1   | Received a gift from Okawaru
 14352 | Lair:1   | Got a warped cloak {god gift}
 14364 | Lair:1   | Identified the +0 cloak of the Bagpipe {-Tele Str+3 Stlth+}
                  | (Okawaru gifted it to you on level 1 of the Lair of Beasts)
 14847 | Lair:2   | Reached XP level 13. HP: 97/116 MP: 16/16
 15206 | Lair:2   | Found a staircase to the Swamp.
 15752 | Lair:3   | Found a staircase to the Snake Pit.
 15947 | Lair:3   | Found a blossoming altar of Fedhas.
 16218 | Lair:3   | Found a dark tunnel.
 16233 | Volcano  | Entered a volcano
 16417 | Volcano  | Reached skill level 14 in Long Blades
 17119 | Lair:4   | Received a gift from Okawaru
 17329 | Lair:5   | Noticed Nessos
 17344 | Lair:5   | Killed Nessos
 17344 | Lair:5   | Reached skill level 10 in Armour
 17823 | Lair:5   | Found a staircase to the Slime Pits.
 18097 | Lair:5   | Reached ****** piety under Okawaru
 18150 | Lair:5   | Noticed Snorg
 18163 | Lair:5   | Killed Snorg
 18491 | Lair:6   | Entered Level 6 of the Lair of Beasts
 18531 | Lair:6   | Reached skill level 10 in Shields
 18594 | Lair:6   | Received a gift from Okawaru
 18594 | Lair:6   | Reached XP level 14. HP: 66/126 MP: 17/17
 18897 | Lair:6   | Reached skill level 10 in Dodging
 19332 | Lair:6   | Reached skill level 1 in Stealth
 19710 | Lair:6   | Reached skill level 15 in Long Blades
 20137 | Lair:6   | Received a gift from Okawaru
 20577 | Lair:6   | Received a gift from Okawaru
 20623 | Lair:6   | Got a brightly glowing tin ring
 20691 | Lair:6   | Identified the ring of Risseux {+Fly rElec Dex+2 Slay-4
                  | SInv} (You found it on level 6 of the Lair of Beasts)
 21315 | Lair:6   | Got a scorched cloak
 21326 | Lair:6   | Identified the +1 cloak "Ehiciu" {Int+4} (You found it on
                  | level 6 of the Lair of Beasts)
 21596 | D:12     | Found Cheibriados's Comfort Zone.
 21596 | D:12     | Found a snail-covered altar of Cheibriados.
 22003 | D:12     | Found a sacrificial altar of Ru.
 22194 | D:12     | Reached XP level 15. HP: 136/136 MP: 19/19
 22638 | D:13     | Found a runed translucent door.
 22646 | D:13     | Noticed a frost giant
 23013 | D:13     | Received a gift from Okawaru
 23314 | D:13     | Received a gift from Okawaru
 23394 | D:13     | Found a gate to the Vaults.
 23825 | Orc:2    | Found a runed translucent gate.
 23826 | Orc:2    | Found a runed translucent gate.
 23827 | Orc:2    | Found a runed translucent gate.
 23835 | Orc:2    | Noticed mhtbhm's ghost (journeyman HOFi)
 23902 | Orc:2    | Killed mhtbhm's ghost
 24495 | Orc:2    | Found Odemn's Weapon Emporium.
 24495 | Orc:2    | Found Xonip's Jewellery Emporium.
 24547 | Orc:2    | Found Zynu Fyc's Food Boutique.
 24547 | Orc:2    | Found Toopp's Antique Armour Boutique.
 24621 | Orc:2    | Bought the ring "Atues" {+Fly Str+4 Int+5 Dex+9} for 1319
                  | gold pieces
 25236 | Elf:1    | Entered Level 1 of the Elven Halls
 25251 | Elf:1    | Reached skill level 16 in Long Blades
 25733 | Elf:1    | Received a gift from Okawaru
 25736 | Elf:1    | Got a steaming large shield {god gift}
 25747 | Elf:1    | Identified the -13 large shield of the Postmodern Beds {rN+
                  | SInv} (Okawaru gifted it to you on level 1 of the Elven
                  | Halls)
 25897 | Elf:1    | Found a frozen archway.
 25906 | IceCv    | Entered an ice cave
 26454 | IceCv    | Reached XP level 16. HP: 69/147 MP: 21/21
 26914 | IceCv    | Noticed an Ice Fiend
 26933 | IceCv    | HP: 3/147 [Ice Fiend/bolt of cold (25)]
 26935 | IceCv    | Annihilated by a dire elephant simulacrum

Levels and vault maps discovered:
D:1:      minmay_arrival_semitransparent, layout_rooms, minmay_nonomino_d4
D:2:      layout_basic, gammafunk_temple_overflow_statue
D:3:      layout_loops_ring, nicolae_overflow_crystal_walls, vehumet_crystals
D:4:      layout_loops_cross, kennysheep_little_box, old_standard_altar,
          first_ration, elyvilon_altar_1, uniq_eustachio
D:5:      layout_basic, marbit_many_paths, nicolae_ru_the_path_less_chosen,
          uniq_sigmund, uniq_menkaure, uniq_duvessa
D:6:      kennysheep_six_static_rooms, layout_basic, zin_statuary,
          gammafunk_ghost_mausoleum, uniq_grinder
D:7:      layout_layer_cave, bloody_makhleb, minmay_temple_entry_water_ring
D:8:      layout_rooms, lemuel_doored_altar
D:9:      layout_long_grid, lemuel_crystal_altar, kennysheep_vampire_church,
          hangedman_ranch [blue_anna_fruit_fields], uniq_pikel
D:10:     layout_small_grid, serial_shops, kennysheep_mini, serial_glass,
          glass_columns_c, glass_columns_a, uniq_fannar, uniq_erolcha
D:11:     minmay_slanted_spiral_squares, layout_irregular_city,
          erik_lair_orcish_takeover, orc_0_dummy, basic_altar, minivault_23,
          uniq_psyche, uniq_sonja
D:12:     layout_roguey, basic_altar, minmay_shop_chei, eino_house_with_fridge
D:13:     layout_basic, hangedman_vaults_entry_quadrant_bands,
          dk_noncrumbling_4, nrook_pool_corridor, abandoned_shop,
          minmay_hidden_floor
Temple:   jpeg_temple_island
Lair:1:   layout_hall_layers, uniq_gastronok
Lair:2:   layout_loops_ring, minmay_swamp_entry_wisps, special_room
          [special_room_bee]
Lair:3:   layout_misc_corridors, minmay_snake_entry_six_corridors,
          enter_volcano_3, tgw_fedhas
Lair:4:   layout_roguey, grunt_megastairs_2, lemuel_fruit_tree
Lair:5:   layout_cave_pods, nicolae_slime_entry_slimehenge,
          minmay_stone_trees_medium, uniq_nessos, uniq_snorg
Lair:6:   gammafunk_lair_ancient_temple, layout_small_grid,
          serial_bayou_lagoon_a
Orc:1:    layout_caves, gammafunk_ghost_necromancy, basic_altar,
          nicolae_orc_lava_room
Orc:2:    st_orc_elflike, layout_caves, gammafunk_ghost_split
Elf:1:    eino_elf_arrival_customs, layout_loops_corners,
          portal_ice_cave_entry_horrid_things, minmay_elf_annihilation
IceCv:    ice_cave_caverns_01

Skill      XL: |  1  2  3  4  5  6  7  8  9 10 11 12 13 14 15 |
---------------+----------------------------------------------+-----
Fighting       | 4 5 6 7 8 9 11 12 13 14 | 14.5
Shields        | 4 5 6 7 8 10 11 12 | 12.8
Maces & Flails | 3 4 5 6 7 8 9 10 11 12 13 | 13.7
Dodging        | 1 2 4 5 6 7 8 9 10 11 | 11.4
Armour         | 4 5 6 7 8 9 10 11 | 11.3
Long Blades    | 4 7 10 11 13 14 15 16 | 16.2
Invocations    | 2 4 5 6 7 9 |  9.0
Stealth        | 1 |  1.1
Evocations     | |  0.2

Action                   |  1- 3 |  4- 6 |  7- 9 | 10-12 | 13-15 | 16-18 || total
-------------------------+-------+-------+-------+-------+-------+-------++-------
Melee: Flail             |    81 |   107 |    54 |       |       |       ||   242
       Headbutt          |    10 |    19 |    55 |   177 |   425 |    21 ||   707
       Long sword        |       |       |   169 |   507 |  1062 |       ||  1738
       Whip              |       |       |     2 |       |       |       ||     2
       Falchion          |       |       |       |    43 |       |       ||    43
       Demon blade       |       |       |       |       |   171 |    46 ||   217
       Demon whip        |       |       |       |       |     7 |       ||     7
Throw: Dart              |    26 |    27 |    25 |    41 |     1 |       ||   120
       Boomerang         |       |       |       |    13 |    91 |       ||   104
Invok: Heroism           |       |       |       |     2 |     7 |     1 ||    10
Evoke: Wand              |       |       |     4 |       |     3 |       ||     7
       Lightning rod     |       |       |       |       |     1 |       ||     1
  Use: Potion            |       |     1 |     1 |       |     3 |     3 ||     8
       Scroll            |       |       |     2 |    11 |    21 |     1 ||    35
  Eat: Chunk             |     2 |     5 |    11 |    14 |    15 |       ||    47
       Ration            |       |       |     1 |     4 |     7 |       ||    12
Armor: Scale mail        |    16 |       |       |       |       |       ||    16
       Chain mail        |    11 |    27 |       |       |       |       ||    38
       Plate armour      |       |    18 |    60 |   190 |   295 |    11 ||   574
Dodge: Dodged            |    21 |    32 |    59 |   157 |   307 |    13 ||   589
Block: Shield            |    42 |    57 |   101 |   267 |   336 |       ||   803
       Large shield      |       |       |       |       |   473 |    54 ||   527
       Reflection        |       |       |       |       |    48 |       ||    48
       Rpst.: Long sword |       |       |    11 |    35 |    66 |       ||   112
       Falchion          |       |       |       |     2 |       |       ||     2
       Demon blade       |       |       |       |       |     6 |     1 ||     7
